Map: Catalyst LE

Players

Bly - Winner!

  • Race: Zerg Zerg
  • Spawn Location: 5:00

Optimus

  • Race: Terran Terran
  • Spawn Location: 11:00

Event: WCS Valencia 2018

VOD

Have the link to the VOD?

Description

Time

  • Played on: July 12, 2018, 9:28 a.m.
  • Length: 6:07

All games in this series

Show
View Real Time Build Order
Export as new Build Order

Bly Zerg - Winner!

Build Orders: Hatch First 

Get SALT Encoding   

  12  0:01  Drone  
  13  0:12  Overlord  
  13  0:19  Drone  
  14  0:30  Drone  
  14  0:31  Drone  
  16  0:49  Hatchery  
  15  0:52  Drone  
  15  0:56  Drone  
  17  1:09  Spawning Pool  
  16  1:13  Drone  
  16  1:17  Extractor  
  16  1:18  Drone  
  17  1:21  Drone  
  18  1:28  Drone  
  19  1:38  Overlord  
  19  1:55  Drone  
  19  1:56  Queen  
  19  2:00  Zergling x2  
  19  2:01  Queen  
  23  2:02  Zergling x2  
  26  2:11  Drone  
  27  2:16  Drone  
  27  2:17  Metabolic Boost  
  28  2:34  Hatchery  
  27  2:42  Queen  
  28  2:49  Drone x2  
  28  2:50  Drone  
  28  2:51  Drone  
  32  2:58  Overlord  
  32  3:04  Zergling x6  
  35  3:16  Zergling x4  
  35  3:18  Overlord  
  36  3:25  Overlord  
  36  3:33  Zergling x6  
  38  3:34  Queen  
  38  3:38  Zergling x4  
  42  3:46  Queen  
  44  3:50  Zergling x6  
  44  3:52  Zergling x2  
  48  4:00  Zergling x6  
  50  4:09  Zergling x2  
  51  4:13  Overlord  
  43  4:53  Zergling x18  
  50  5:01  Zergling x8  
  54  5:12  Zergling x6  
  54  5:13  Zergling x4  
  59  5:17  Drone  
  60  5:31  Overlord  
  59  5:41  Drone x10  
  66  5:47  Drone  
Show
View Real Time Build Order
Export as new Build Order

Optimus Terran 

Build Orders:  

Get SALT Encoding   

  12  0:00  SCV  
  13  0:12  SCV  
  14  0:17  Supply Depot  
  14  0:25  SCV  
  15  0:29  Refinery  
  15  0:39  SCV  
  16  0:44  Barracks  
  16  0:51  SCV  
  17  1:03  SCV  
  18  1:05  Barracks  
  18  1:15  SCV  
  19  1:22  Barracks  
  19  1:31  Reaper  
  20  1:38  Orbital Command  
  20  1:50  Supply Depot  
  20  1:52  Reaper  
  21  1:59  Refinery  
  21  2:03  Reaper  
  22  2:10  Reaper  
  22  2:13  SCV  
  24  2:20  Supply Depot  
  24  2:24  Reaper  
  24  2:25  SCV  
  26  2:35  Reaper  
  27  2:37  SCV  
  28  2:44  Reaper  
  28  2:49  SCV  
  30  3:01  Command Center, SCV  
  30  3:04  Reaper  
  32  3:16  Reaper  
  32  3:17  Reaper  
  32  3:18  SCV  
  35  3:33  Supply Depot  
  35  3:34  SCV  
  36  3:36  Reaper  
  37  3:45  Barracks  
  37  3:46  Barracks  
  38  3:49  Reaper  
  38  3:52  Reaper  
  38  3:55  Supply Depot, SCV  
  40  4:08  SCV, Reaper  
  42  4:16  Orbital Command  
  42  4:20  SCV  
  42  4:21  Reaper, Refinery  
  44  4:26  Reaper  
  44  4:32  SCV  
  44  4:37  Reaper  
  44  4:40  Reaper  
  44  4:44  SCV  
  45  4:47  SCV  
  45  4:49  Reaper  
  46  4:53  Reaper  
  46  4:56  SCV  
  46  4:58  Reaper  
  46  4:59  SCV  
  47  5:06  Barracks  
  47  5:12  Reaper x2  
  47  5:16  Refinery  
  47  5:21  Reaper  
  48  5:23  SCV, Barracks  
  48  5:25  Reaper  
  48  5:27  SCV  
  51  5:30  Reaper  
  51  5:35  SCV  
  53  5:41  SCV  
  46  5:47  SCV  
  46  5:48  Supply Depot  
  49  5:53  SCV  
Tags
 
Add a new tag
Caveats
  • Supply blocks, unpowered buildings, or Contaminate may cause inaccurate times.
  • Supply counts are checked every 10 seconds.